 Dungeon Crawl Stone Soup version 0.29-a0-234-g0dae59b3db (webtiles) character file.

Game seed: 2195755009282149486

65 HotDog the Covered (level 4, -1/29 HPs)
             Began as a Gargoyle Fighter on Mar 2, 2022.
             Killed from afar by Ijyb (30 damage)
             ... with a bolt of acid
             ... on level 3 of the Dungeon.
             The game lasted 00:03:28 (3681 turns).

HotDog the Covered (Gargoyle Fighter)               Turns: 3681, Time: 00:03:29

Health: -1/29      AC: 14    Str: 21    XL:     4   Next: 14%
Magic:  4/4        EV:  9    Int:  9    God:
Gold:   177        SH:  4    Dex:  9    Spells: 3/3 levels left

rFire   . . .      SeeInvis .   a - +0 flail
rCold   . . .      Faith    .   c - +0 buckler
rNeg    + . .      Spirit   .   b - +0 scale mail
rPois   ∞          Reflect  .   k - +0 helmet
rElec   +          Harm     .   h - +0 cloak
rCorr   .          Rampage  .   p - +0 pair of gloves
Will    .....                   (no boots)
Stlth   ..........              (no amulet)
HPRegen 0.09/turn               (no ring)
MPRegen 0.09/turn               (no ring)

@: no status effects
A: sickness immunity, AC +3, negative energy resistance 1, electricity
resistance, torment resistance 1, petrification resistance
a: no special abilities


You were on level 3 of the Dungeon.
You visited 1 branch of the dungeon, and saw 3 of its levels.

You collected 177 gold pieces.

Inventory:

Hand Weapons
 a - a +0 flail (weapon)
Armour
 b - a +0 scale mail (worn)
 c - a +0 buckler (worn)
 h - a +0 cloak (worn)
 k - a +0 helmet (worn)
 p - a +0 pair of gloves (worn)
Jewellery
 e - a ring of fire
Scrolls
 g - a scroll of vulnerability
 l - a scroll of fog {unknown}
 m - 3 scrolls of magic mapping {unknown}
 n - a scroll of teleportation
 q - a scroll of amnesia {unknown}
 r - a scroll of noise {unknown}
 s - a scroll of identify {unknown}
Potions
 d - 2 potions of might
 f - a potion of degeneration {unknown}
 i - a potion of mutation {unknown}
 j - a potion of cancellation {unknown}
 o - a potion of flight {unknown}


   Skills:
 * Level 3.7 Fighting
 * Level 2.4 Maces & Flails
 * Level 4.1 Armour
 * Level 1.0 Dodging
 * Level 3.6 Shields


You had 3 spell levels left.
You didn't know any spells.
Your spell library was empty.

Dungeon Overview and Level Annotations

Branches:
Dungeon (3/15)

Altars:

Annotations:
D:3 Ijyb


Innate Abilities, Weirdness & Mutations

You are immune to sickness and miasma.
Your stone body is resilient. (AC +3)
You are immune to poison.
You resist negative energy. (rN+)
You are resistant to electric shocks. (rElec)
You are resistant to unholy torment.
You are immune to petrification.


Message History

An endoplasm is nearby!
You hit the endoplasm.
The endoplasm is heavily wounded.
The endoplasm hits you but does no damage.
The endoplasm closely misses you.
You hit the endoplasm.
You kill the endoplasm!
No target in view!
No target in view!
No target in view!
No target in view!
No target in view!
No target in view!
No target in view!
No target in view!
No target in view!
No target in view!
No target in view!
You now have 169 gold pieces (gained 11).
You now have 177 gold pieces (gained 8).
Found a pair of gloves.
Found a stone staircase leading down.
o - a sapphire potion
Found a club.
Found a glowing dagger.
You see here a +0 pair of gloves.
p - a +0 pair of gloves You start putting on your armour.
You continue putting on your +0 pair of gloves. x4
You finish putting on your +0 pair of gloves.
You open the door.
There is an open door here.
q - a scroll labelled POS ZUOCIGUQICRUNO
r - a scroll labelled LUVVOU WAIC
s - a scroll labelled MUKEZXI TEZXEAZA
m - 3 scrolls labelled ZIRCHALY CELU (gained 1) Ijyb the Twisted Goblin comes into view.
She is wielding a +0 club and carrying a wand of acid (6).
Ijyb shouts!
Ijyb zaps a wand.
The bolt of acid hits you!!
Ouch! That really hurt!
You die...

#.# # #.. #.#..
#.#.. .. #.... ##..
#....####....
#..g......#
#.###@....#
#.........#
#.........# .
##.......## ..
#####...##.........
#..............
#............#+#
###...........##.#
#...###..........##


You could see Ijyb.

Vanquished Creatures
  Robin (D:2)
  3 ball pythons
  3 endoplasms
  14 goblins
  7 hobgoblins
  2 jackals (D:2)
  5 kobolds
  3 quokkas
  3 bats (D:1)
  3 frilled lizards
  3 rats
47 creatures vanquished.

Notes
Turn   | Place    | Note
-------+----------+-------------------------------------------
     0 | D:1      | HotDog the Gargoyle Fighter began the quest for the Orb.
     0 | D:1      | Reached XP level 1. HP: 14/14 MP: 1/1
   327 | D:1      | Reached XP level 2. HP: 13/19 MP: 2/2
   627 | D:1      | Found a faded altar of an unknown god.
   890 | D:1      | Reached XP level 3. HP: 22/23 MP: 3/3
  1366 | D:2      | Noticed Robin
  2249 | D:2      | Reached skill level 4 in Armour
  2478 | D:2      | Killed Robin
  2960 | D:2      | Reached XP level 4. HP: 27/29 MP: 4/4
  3534 | D:3      | Reached skill level 1 in Dodging
  3681 | D:3      | Noticed Ijyb
  3681 | D:3      | Killed from afar by Ijyb

Illustrated notes

Levels and vault maps discovered:
D:1:      nzn_arrival_depleted_hourglass, layout_basic,
          hellmonk_ecumenical_altar_crossroads
D:2:      layout_loops_corners, uniq_robin
D:3:      layout_basic, wad_orctagon, uniq_ijyb

Skill      XL: |  1  2  3  4 |
---------------+-------------+-----
Armour         | 4 |  4.1
Dodging        | 1 |  1.0
Fighting       | |  3.7
Maces & Flails | |  2.4
Shields        | |  3.6

Action                   |  1- 3 |  4- 6 || total
-------------------------+-------+-------++-------
Melee: Flail             |   135 |    27 ||   162
  Use: Scroll            |     2 |       ||     2
Armor: Scale mail        |    99 |    15 ||   114
Dodge: Dodged            |    88 |    21 ||   109
Block: Buckler           |    26 |    14 ||    40

Table legend: (Time is in decaauts)
 A = Elapsed time spent in this place.
 B = Non-inter-level travel time spent in this place.
 C = Inter-level travel time spent in this place.
 D = Time resting spent in this place.
 E = Time spent auto-exploring this place.
 F = Levels seen in this place.
 G = Mean time per level.
                   A        B        C        D        E       F      G
               +--------+--------+--------+--------+--------+-----+--------+
         Total |   3735 |   3671 |     64 |   1250 |   1934 |   3 | 1245.0 |
       Dungeon |   3735 |   3671 |     64 |   1250 |   1934 |   3 | 1245.0 |
               +--------+--------+--------+--------+--------+-----+--------+

Top non-repeatable levels by time:
     D:2: 1619 daAuts
     D:1: 1572 daAuts
     D:3: 543 daAuts
